 Dungeon Crawl Stone Soup version 0.15-a0-1632-gd490d05 (webtiles) character file.

792 Kenran the Martial Artist (level 7, 0/41 HPs)
             Began as a Tengu Monk on June 21, 2014.
             Was a Believer of Okawaru.
             Slain by a gnoll
             ... wielding a +0 halberd
              (10 damage)
             ... on Level 6 of the Dungeon.
             The game lasted 00:18:03 (5727 turns).

Kenran the Martial Artist (Tengu Monk)              Turns: 5727, Time: 00:18:04

HP   0/41        AC  3     Str 15      XL: 7   Next: 88%
MP   6/9         EV 16     Int 11      God: Okawaru [**....]
Gold 273         SH  0     Dex 18      Spells:  0 memorised,  6 levels left

rFire  . . .     SeeInvis .       - Unarmed
rCold  . . .     Clarity  .     d - +1 robe
rNeg   . . .     rCorr    .     (no shield)
rPois  .         rRot     .     (helmet restricted)
rElec  .         Spirit   .     (no cloak)
SustAb .         Warding  .     (no gloves)
rMut   .         Stasis   .     (boots unavailable)
Gourm  .                        (no amulet)
MR     .....                    (no ring)
                                h - +4 ring of strength

@: flying quickly and evasively, quick, not resistant to hostile enchantments,
unstealthy
A: able to fly, beak, talons 3
a: Heroism, Renounce Religion


You were on level 6 of the Dungeon.
You worshipped Okawaru.
Okawaru was pleased with you.
You were hungry.

You visited 2 branches of the dungeon, and saw 7 of its levels.

You collected 273 gold pieces.

Inventory:

Armour
 d - a +1 robe (worn)
Comestibles
 a - 3 meat rations
 b - 5 bread rations
 q - 4 beef jerkies
Scrolls
 c - 2 scrolls of immolation
 g - 3 scrolls of remove curse
 n - 2 scrolls of fog
 o - a scroll of blinking
 t - 2 scrolls of identify
 y - a scroll of amnesia
 B - 2 scrolls of teleportation
Jewellery
 e - an uncursed ring of fire
 h - a +4 ring of strength (left hand)
 r - a +4 ring of strength
 u - an uncursed amulet of stasis {unknown}
 x - an uncursed ring of invisibility {unknown}
 A - an uncursed ring of fire
Potions
 f - 2 potions of restore abilities {unknown}
 i - 2 potions of agility {unknown}
 j - a potion of beneficial mutation {unknown}
 k - a potion of flight {unknown}
 l - a potion of haste {unknown}
 m - a potion of might {unknown}
 p - 3 potions of heal wounds {unknown}
 v - a potion of poison {unknown}
 w - a potion of invisibility {unknown}


   Skills:
 - Level 3.0 Fighting
 - Level 3.2 Dodging
 - Level 2.0 Stealth
 + Level 10.3 Unarmed Combat


You had 6 spell levels left.
You didn't know any spells.

Dungeon Overview and Level Annotations

Branches:
Dungeon (6/15)             Temple (1/1) D:4

Altars:
Ashenzari
Dithmenos
Elyvilon
Fedhas
Gozag
Makhleb
Okawaru
Qazlal
Sif Muna
Trog
Vehumet
Xom
Zin

Shops:
D:6 [


Innate Abilities, Weirdness & Mutations

You can fly.
You have a beak for a mouth.
You have claws for feet.


Message History

The shadow imp grins evilly.
The shadow imp gestures at the surrounding area.
Use which ability? (? or * to list)
You swoop lightly up into the air.
You feel somewhat more hungry.
The shadow imp grins evilly.
You punch the gnoll! You claw the gnoll. Your peck misses the gnoll.
The gnoll is almost dead.
The gnoll hits you with a club! The gnoll closely misses you.
You punch the gnoll!
You kill the gnoll!
Okawaru accepts your kill. The gnoll hits you with a halberd!
* * * LOW HITPOINT WARNING * * *
The shadow imp shouts, "Slither home, thou rough-hewn weather-bitten flax-wench!"
You see here a club.
You hit the gnoll. You claw the gnoll.
The gnoll is moderately wounded.
The shadow imp hits you but does no damage.
The gnoll hits you with a halberd!
You die...

......B.......##..##
... ..##### ##.# .#
#.# ...# #.# ....##
###.##
.....####....#
......##>..#.#
#......##### .
##...@......# ##..
##..)g5...#### ###..
#.......### .#...
##...##..# ....#
##...###..# ....#
##...## #..#
....####...## #.##
.....##...## #.#
..[[......# #.#


You could see a gnoll and a shadow imp.

Vanquished Creatures
  Edmund (D:6)
  Sigmund (D:4)
  A jelly (D:5)
  3 crimson imps (D:5)
  An orc priest (D:6)
  3 hounds
  2 orc wizards
  3 worker ants (D:4)
  Ijyb (D:2)
  6 adders
  2 gnolls (D:6)
  A worm (D:4)
  2 giant mites
  3 giant geckos
  2 oozes
  13 orcs
  9 bats
  6 goblins
  8 hobgoblins
  3 giant cockroaches
  3 giant newts
  A goblin skeleton (D:5)
  11 kobolds
  A kobold skeleton (D:4)
  12 rats
99 creatures vanquished.

Notes
Turn   | Place    | Note
--------------------------------------------------------------
     0 | D:1      | Kenran, the Tengu Monk, began the quest for the Orb.
     0 | D:1      | Reached XP level 1. HP: 14/14 MP: 1/1
    44 | D:1      | Reached XP level 2. HP: 16/19 MP: 3/3
   140 | D:1      | Reached skill level 5 in Unarmed Combat
   567 | D:1      | Reached XP level 3. HP: 15/23 MP: 4/4
  1053 | D:3      | Found a shattered altar of Ashenzari.
  1689 | D:3      | Reached skill level 6 in Unarmed Combat
  1689 | D:3      | Reached XP level 4. HP: 25/28 MP: 5/5
  2120 | D:2      | Found a white marble altar of Elyvilon.
  2205 | D:2      | Noticed Ijyb
  2223 | D:2      | Killed Ijyb
  2628 | D:4      | Reached XP level 5. HP: 32/32 MP: 7/7
  2850 | D:4      | Reached skill level 7 in Unarmed Combat
  3074 | D:4      | Found a staircase to the Ecumenical Temple.
  3107 | D:4      | Noticed Sigmund
  3120 | D:4      | Killed Sigmund
  3120 | D:4      | Reached XP level 6. HP: 12/37 MP: 8/8
  3382 | D:4      | Reached skill level 8 in Unarmed Combat
  3496 | Temple   | Entered the Ecumenical Temple
  3512 | Temple   | Became a worshipper of Warmaster Okawaru
  3512 | Temple   | Acquired Okawaru's first power
  3840 | D:4      | Found a stormy altar of Qazlal.
  3989 | D:5      | Entered Level 5 of the Dungeon
  4238 | D:5      | Found a bloodstained altar of Trog.
  4342 | D:5      | Reached skill level 9 in Unarmed Combat
  4342 | D:5      | Reached XP level 7. HP: 41/41 MP: 9/9
  4615 | D:5      | Found a burning altar of Makhleb.
  5338 | D:6      | Found Wenky's Armour Emporium.
  5417 | D:6      | Noticed Edmund
  5429 | D:6      | Killed Edmund
  5429 | D:6      | Reached skill level 10 in Unarmed Combat
  5727 | D:6      | Slain by a gnoll

Action                   |  1- 3 |  4- 6 |  7- 9 || total
-------------------------+-------+-------+-------++-------
Melee: Unarmed           |    82 |   116 |    60 ||   258
 Abil: Fly               |       |       |     1 ||     1
  Use: Scroll            |     9 |       |     4 ||    13
       Potion            |       |     2 |       ||     2
 Stab: Sleeping          |     3 |     4 |       ||     7
       Distracted        |       |       |     1 ||     1
